 Dungeon Crawl Stone Soup version 0.29-a0-275-g389c0b56f3 (webtiles) character file.

Game seed: 3981336506978705926

33079 jlumianski the Grappler (level 13, -3/90 HPs)
             Began as a Gnoll Transmuter on Mar 9, 2022.
             Was an Elder of Hepliaklqana.
             Slain by an orc warlord
             ... wielding a +2 battleaxe
              (5 damage)
             ... on level 1 of the Orcish Mines.
             The game lasted 02:37:16 (23393 turns).

jlumianski the Grappler (Gnoll Transmuter)         Turns: 23393, Time: 02:37:17

Health: -3/90      AC: 24    Str: 31    XL:     13   Next: 68%
Magic:  26/26      EV: 16    Int: 15    God:    Hepliaklqana [****..]
Gold:   1053       SH: 11    Dex: 13    Spells: 17/31 levels left

rFire   + . .      SeeInvis .   U - +0 long sword of the Heavens {vorpal, Fly rN+ Str+4 Int+2}
rCold   + . .      Faith    .   N - +0 buckler
rNeg    + . .      Spirit   .   e - +6 chain mail "Recef" {Str+7}
rPois   .          Reflect  +   A - +2 helmet
rElec   .          Harm     .   j - scarf {rC+ rF+}
rCorr   .          Rampage  .   H - +1 Delatra's gloves {ID++}
Will    .....                   G - +0 pair of boots
Stlth   +.........              h - amulet of reflection
HPRegen 0.25/turn               D - +6 ring of strength
MPRegen 0.20/turn               V - +4 ring of evasion

@: on berserk cooldown, flying, slowed, invisible, very slow
A: reduced essence, fangs 1, strong nose, distributed training
a: Renounce Religion, Recall Ancestor, Ancestor Identity, Transference, Idealise


You were on level 1 of the Orcish Mines.
You worshipped Hepliaklqana.
Hepliaklqana was greatly pleased with you.
You visited 3 branches of the dungeon, and saw 16 of its levels.
You also visited: Bailey.

You collected 1053 gold pieces.

Inventory:

Hand Weapons
 k - a +7 dagger of draining
 U - the +0 long sword of the Heavens (weapon) {vorpal, Fly rN+ Str+4 Int+2}
   (You found it on level 9 of the Dungeon)

   It inflicts extra damage upon your enemies.
   Str:       It affects your strength (+4).
   Int:       It affects your intelligence (+2).
   rN:        It protects you from negative energy.
   Fly:       It grants you flight.
Missiles
 i - 13 boomerangs (quivered)
 p - 8 boomerangs of dispersal
 y - 4 silver boomerangs
 W - 2 throwing nets
Armour
 e - the +6 chain mail "Recef" (worn) {Str+7}
   (You found it in a bailey)

   Str:       It affects your strength (+7).
 j - a scarf of resistance (worn)
 A - a +2 helmet (worn)
 G - a +0 pair of boots (worn)
 H - the +1 Delatra's gloves (worn) {ID++}
   (You found it on level 6 of the Dungeon)

   It heals its wearer when they drink unknown potions.
   It restores its wearer's MP when they read unknown scrolls.
 N - a +0 buckler (worn)
 O - a +1 cloak
Magical Staves
 u - a staff of cold
Jewellery
 h - an amulet of reflection (around neck)
 o - a ring of willpower
 z - a ring of poison resistance
 C - an amulet of faith
 D - a +6 ring of strength (left hand)
 V - a +4 ring of evasion (right hand)
Wands
 x - a wand of charming (7)
 M - a wand of paralysis (7)
 R - a wand of iceblast (5)
 T - a wand of digging (5)
Scrolls
 f - a scroll of holy word
 l - 2 scrolls of immolation
 q - 2 scrolls of fog
 r - a scroll of enchant weapon
 s - 2 scrolls of identify
 w - 3 scrolls of silence
 J - 4 scrolls of teleportation
 Z - 2 scrolls of fear
Potions
 a - a potion of brilliance {unknown}
 b - 2 potions of lignification
 c - a potion of haste
 d - 3 potions of might
 g - a potion of mutation {unknown}
 m - a potion of berserk rage
 n - 2 potions of invisibility
 t - 5 potions of curing
 v - 3 potions of resistance
 L - a potion of heal wounds
 P - 3 potions of degeneration
Miscellaneous
 B - a condenser vane


   Skills:
 + Level 9.0 Fighting
 + Level 8.5 Short Blades
 + Level 8.5 Long Blades
 + Level 8.5 Axes
 + Level 8.5 Maces & Flails
 + Level 8.5 Polearms
 + Level 8.5 Staves
 + Level 8.5 Slings
 + Level 8.5 Bows
 + Level 8.5 Crossbows
 + Level 8.5 Throwing
 + Level 8.5 Armour
 + Level 9.7 Dodging
 + Level 8.5 Stealth
 + Level 8.5 Shields
 + Level 10.7 Unarmed Combat
 + Level 9.9 Spellcasting
 + Level 7.1 Conjurations
 + Level 7.1 Hexes
 + Level 7.1 Summonings
 + Level 7.1 Necromancy
 + Level 7.1 Translocations
 + Level 8.1 Transmutations
 + Level 7.1 Fire Magic
 + Level 7.1 Ice Magic
 + Level 7.1 Air Magic
 + Level 7.1 Earth Magic
 + Level 7.1 Poison Magic
 + Level 9.3 Invocations
 + Level 8.5 Evocations


You had 17 spell levels left.
You knew the following spells:

 Your Spells              Type           Power      Damage    Failure   Level
a - Beastly Appendage     Tmut           62%        N/A       1%          1
b - Wereblood             Tmut           31%        N/A       2%          2
c - Call Imp              Summ           28%        N/A       4%          2
d - Mephitic Cloud        Conj/Pois/Air  28%        N/A       8%          3
e - Call Canine Familiar  Summ           28%        N/A       8%          3
f - Inner Flame           Hex/Fire       28%        N/A       8%          3

Your spell library contained the following spells:

 Spells                   Type           Power      Damage    Failure   Level
 Foxfire                  Conj/Fire      100%       2x1d9     2%          1
 Magic Dart               Conj           100%       1d8       2%          1
 Spider Form              Tmut/Pois      30%        N/A       6%          3
 Conjure Flame            Conj/Fire      28%        6-21      8%          3
 Ozocubu's Armour         Ice            28%        N/A       8%          3
 Portal Projectile        Hex/Tloc       56%        N/A       8%          3
 Ice Form                 Ice/Tmut       30%        N/A       22%         4
 Flame Wave               Conj/Fire      28%        2d8       26%         4
 Leda's Liquefaction      Hex/Erth       14%        N/A       26%         4
 Fireball                 Conj/Fire      14%        3d8       58%         5
 Iskenderun's Battlesphe  Conj           28%        2d8       58%         5
 Conjure Ball Lightning   Conj/Air       14%        3x3d6     99%         6
 Orb of Destruction       Conj           14%        9d7       100%        7
 Ozocubu's Refrigeration  Ice            14%        4d7       100%        7


Dungeon Overview and Level Annotations

Branches:
Dungeon (13/15)            Temple (0/1) D:5            Lair (1/6) D:11
    Orc (2/2) D:9          Bailey (visited)
    Elf: Orc:2       Vaults: D:13-14

Altars:
Ashenzari
Dithmenos
Fedhas
Gozag
Hepliaklqana
Okawaru
Ru
Sif Muna
Vehumet
Wu Jian

Shops:
D:11 *?[((

Annotations:
D:7 3 runed translucent doors, Ndrwtcm's ghost, novice GrBe; ReploidZero's ghost, novice VSFi; dolemite99's ghost, novice GnEE; enile's ghost, novice HOMo; sammy202020's ghost, novice PaFi
D:8 exclusion: statue


Innate Abilities, Weirdness & Mutations

Your life essence is reduced to manifest your ancestor. (-10% HP)
You have very sharp teeth.
Your uncanny sense of smell can sniff out nearby items.
Your experience applies equally to all skills.


Message History

The orc warlord is heavily wounded.
You slash the orc warlord! You bite the orc warlord!
The orc warlord is severely wounded.
You block the orc warlord's attack.
The orc warlord hits Septima with a +2 battleaxe.
Septima hits the orc warlord with a +0 flail.
You catch the helpless orc warlord completely off-guard!
You hit the orc warlord.
The orc warlord is severely wounded.
The orc warlord hits you with a +2 battleaxe!!
* * * LOW HITPOINT WARNING * * *
The orc warlord hits Septima with a +2 battleaxe!!
Septima is destroyed!
You slash the orc warlord!
The orc warlord is severely wounded.
You slash the orc warlord!
The orc warlord is almost dead.
The orc warlord hits you with a +2 battleaxe!!
* * * LOW HITPOINT WARNING * * *
You hit the orc warlord but do no damage.
The orc warlord is almost dead.
You slash the orc warlord!
The orc warlord is almost dead.
You are no longer berserk.
You are exhausted.
You feel yourself slow down.
The orc warlord hits you with a +2 battleaxe.
* * * LOW HITPOINT WARNING * * *
Okay, then.
Okay, then.
Unknown command.
Unknown command.
Okay, then.
Unknown command.
Press: ? - help, v - describe, . - travel
Here: an orc warlord, wielding a +2 battleaxe and wearing a +0 chain mail (almost dead)
The floor, spattered with blood.
You fade into invisibility!
The orc warlord hits you with a +2 battleaxe.
You die...

#........#######....#####
##.........# ##.....####.
###......####........#..
#......#..............
##...........##.......
###.......#######....
###........# ###....
##......[...###......
##..[@......>.........
#...o...#.............
###.......###.........##
##...[.)[#####.........#.
#........## #.........###
##.#...[..###.........##.
#####....#............#.
#.............##......
##.#........##.#......


You could see an orc warlord (can't see you).

Vanquished Creatures
  Gastronok (D:8)
  A stone giant (D:12)
  A boulder beetle (D:9)
  A hydra (D:13)
  Erica (D:8)
  2 centaur warriors (D:13)
  A two-headed ogre (D:4)
  A skeletal warrior (D:12)
  Pikel (D:6)
  An orc knight (D:13)
  An orc sorcerer (Orc:2)
  2 manticores (D:8)
  Maggie (D:9)
  A kobold demonologist (D:12)
  A gargoyle (Bailey)
  6 trolls
  3 hornets
  Prince Ribbit (D:8)
  7 slime creatures
  Sigmund (D:2)
  2 wraiths
  8 yaks
  A basilisk (D:8)
  Eustachio (D:6)
  4 vampire mosquitoes (D:11)
  Edmund (D:6)
  A warg (D:9)
  An acid dragon (D:8)
  4 water moccasins
  11 orc warriors
  2 black bears (D:5)
  An ice beast (D:6)
  2 sky beasts
  2 ogres
  10 centaurs
  A phantom (D:5)
  A kobold brigand (D:8)
  A bullfrog (D:8)
  2 necrophages
  A gnoll sergeant (D:12)
  A scorpion (D:4)
  20 wights
  4 killer bees (D:9)
  3 howler monkeys
  3 electric eels
  7 vampire bats (Bailey)
  7 wolf zombies (Bailey)
  4 hounds
  9 orc priests
  A jelly (D:6)
  Crazy Yiuf (D:6)
  2 gnoll shamans
  6 iguanas
  9 orc wizards
  A mummy (D:4)
  4 adders
  15 gnolls
  3 white imps
  2 ufetubi
  2 worms
  3 dart slugs
  47 orcs
  9 ball pythons
  5 bats
  5 endoplasms
  6 goblins
  6 hobgoblins
  5 quokkas
  6 frilled lizards
  2 hobgoblin zombies (D:4)
  10 kobolds
  2 kobold zombies (D:4)
  15 orc zombies (Bailey)
  5 rats
322 creatures vanquished.

Vanquished Creatures (collateral kills)
  A two-headed ogre (D:9)
  A deep elf pyromancer (D:13)
  2 cyclopes
  An orc sorcerer (Orc:2)
  A wolf spider (D:13)
  Joseph (D:9)
  An unseen horror (D:11)
  2 komodo dragons
  4 trolls
  5 slime creatures (D:13)
  3 wraiths
  A shadow (D:11)
  A wyvern (D:8)
  10 yaks
  A vampire (Bailey)
  4 vampire mosquitoes
  An acid dragon (D:11)
  15 orc warriors
  A sky beast (D:8)
  2 ogres (D:5)
  An ice beast (D:7)
  3 centaurs
  A kobold brigand (D:9)
  2 gnoll sergeants
  12 wights
  An electric eel (D:12)
  A vampire bat (Bailey)
  3 howler monkeys (D:9)
  2 wolf zombies (Bailey)
  A hound (D:5)
  An orc priest (D:9)
  An iguana (D:5)
  10 orc wizards
  5 gnolls
  2 adders (D:4)
  A shadow imp (D:7)
  20 orcs
  A goblin (D:8)
  A kobold (D:9)
  2 orc zombies (Bailey)
129 creatures vanquished.

Vanquished Creatures (others)
  10 knights
  3 ancestors
  3 bushes (D:4)
  4 fungi (D:6)
  25 plants
45 creatures vanquished.

Grand Total: 496 creatures vanquished

Notes
Turn   | Place    | Note
-------+----------+-------------------------------------------
     0 | D:1      | jlumianski the Gnoll Transmuter began the quest for the
                  | Orb.
     0 | D:1      | Reached XP level 1. HP: 17/17 MP: 6/6
   172 | D:1      | Reached XP level 2. HP: 23/23 MP: 5/7
   254 | D:1      | Learned a level 2 spell: Wereblood
   568 | D:1      | Found a faded altar of an unknown god.
   728 | D:1      | Reached XP level 3. HP: 28/28 MP: 9/9
   768 | D:1      | Reached skill level 5 in Spellcasting
  1438 | D:2      | Reached skill level 1 in Invocations
  2195 | D:2      | Noticed Sigmund
  2227 | D:2      | Killed Sigmund
  2228 | D:2      | Reached skill level 1 in Short Blades
  2228 | D:2      | Reached skill level 1 in Long Blades
  2228 | D:2      | Reached skill level 1 in Axes
  2228 | D:2      | Reached skill level 1 in Maces & Flails
  2228 | D:2      | Reached skill level 1 in Polearms
  2228 | D:2      | Reached skill level 1 in Staves
  2228 | D:2      | Reached skill level 1 in Slings
  2228 | D:2      | Reached skill level 1 in Bows
  2228 | D:2      | Reached skill level 1 in Crossbows
  2228 | D:2      | Reached skill level 1 in Throwing
  2228 | D:2      | Reached skill level 1 in Armour
  2228 | D:2      | Reached skill level 1 in Stealth
  2228 | D:2      | Reached skill level 1 in Shields
  2228 | D:2      | Reached skill level 1 in Conjurations
  2228 | D:2      | Reached skill level 1 in Hexes
  2228 | D:2      | Reached skill level 1 in Summonings
  2228 | D:2      | Reached skill level 1 in Necromancy
  2228 | D:2      | Reached skill level 1 in Translocations
  2228 | D:2      | Reached skill level 1 in Fire Magic
  2228 | D:2      | Reached skill level 1 in Ice Magic
  2228 | D:2      | Reached skill level 1 in Air Magic
  2228 | D:2      | Reached skill level 1 in Earth Magic
  2228 | D:2      | Reached skill level 1 in Poison Magic
  2228 | D:2      | Reached skill level 1 in Evocations
  2228 | D:2      | Reached XP level 4. HP: 5/35 MP: 11/11
  2228 | D:2      | Reached XP level 5. HP: 6/41 MP: 12/12
  2902 | D:3      | Found a hazy altar of Hepliaklqana.
  2929 | D:3      | Became a worshipper of Hepliaklqana the Forgotten
  3153 | D:3      | Reached XP level 6. HP: 36/47 MP: 9/13
  3561 | D:3      | Reached skill level 5 in Dodging
  4077 | D:4      | Learned a level 2 spell: Call Imp
  4123 | D:4      | Reached XP level 7. HP: 48/52 MP: 13/15
  4447 | D:4      | Reached * piety under Hepliaklqana
  4474 | D:4      | Found a blossoming altar of Fedhas.
  4642 | D:5      | Entered Level 5 of the Dungeon
  4772 | D:5      | Found a shadowy altar of Dithmenos.
  4773 | D:5      | Found a sacrificial altar of Ru.
  4798 | D:5      | Reached skill level 7 in Unarmed Combat
  5170 | D:5      | Reached XP level 8. HP: 36/54 MP: 13/16
  5632 | D:5      | Found a large runed translucent door.
  5632 | D:5      | Found a large runed translucent door.
  5683 | D:5      | Noticed a wraith
  5757 | D:5      | Killed a wraith
  5806 | D:5      | Noticed a two-headed ogre
  5815 | D:5      | Found a large runed translucent door.
  5815 | D:5      | Found a large runed translucent door.
  6161 | D:5      | Found a staircase to the Ecumenical Temple.
  6464 | D:5      | Noticed a komodo dragon
  6476 | D:5      | Killed a komodo dragon
  6477 | D:5      | Reached skill level 5 in Transmutations
  6477 | D:5      | Reached XP level 9. HP: 23/60 MP: 18/18
  6989 | D:4      | Killed a two-headed ogre
  6990 | D:4      | Reached skill level 5 in Fighting
  7332 | D:5      | Reached skill level 8 in Unarmed Combat
  7772 | D:6      | Reached skill level 5 in Invocations
  7777 | D:6      | Found the +1 Delatra's gloves {ID++}
  8007 | D:6      | Found an iron altar of Okawaru.
  8032 | D:6      | Noticed Pikel
  8053 | D:6      | Killed Pikel
  8054 | D:6      | Reached XP level 10. HP: 65/67 MP: 16/20
  8085 | D:6      | Reached skill level 5 in Short Blades
  8085 | D:6      | Reached skill level 5 in Long Blades
  8085 | D:6      | Reached skill level 5 in Axes
  8085 | D:6      | Reached skill level 5 in Maces & Flails
  8085 | D:6      | Reached skill level 5 in Polearms
  8085 | D:6      | Reached skill level 5 in Staves
  8085 | D:6      | Reached skill level 5 in Slings
  8085 | D:6      | Reached skill level 5 in Bows
  8085 | D:6      | Reached skill level 5 in Crossbows
  8085 | D:6      | Reached skill level 5 in Throwing
  8085 | D:6      | Reached skill level 5 in Armour
  8085 | D:6      | Reached skill level 5 in Stealth
  8085 | D:6      | Reached skill level 5 in Shields
  8085 | D:6      | Reached skill level 5 in Evocations
  8407 | D:6      | Noticed Eustachio
  8420 | D:6      | Killed Eustachio
  8569 | D:6      | Found a runed translucent door.
  8570 | D:6      | Noticed Crazy Yiuf
  8721 | D:6      | Killed Crazy Yiuf
  8780 | D:6      | Noticed Edmund
  8799 | D:6      | Killed Edmund
  8932 | D:7      | Reached ** piety under Hepliaklqana
  8933 | D:7      | Remembered your ancestor Septima as a knight
  9135 | D:7      | Found a runed translucent gate.
  9136 | D:7      | Found a runed translucent gate.
  9138 | D:7      | Found a runed translucent gate.
  9140 | D:7      | Noticed sammy202020's ghost (novice PaFi)
  9140 | D:7      | Noticed ReploidZero's ghost (novice VSFi)
  9140 | D:7      | Noticed enile's ghost (novice HOMo)
  9140 | D:7      | Noticed dolemite99's ghost (novice GnEE)
  9140 | D:7      | Noticed Ndrwtcm's ghost (novice GrBe)
  9166 | D:7      | HP: 1/68 [poisoned by a gnoll sergeant]
  9498 | D:7      | Learned a level 3 spell: Mephitic Cloud
  9927 | D:8      | Found a broken altar of Ashenzari.
  9989 | D:8      | Found a flagged portal.
 10021 | Bailey   | Entered a bailey
 10115 | Bailey   | Reached XP level 11. HP: 74/74 MP: 19/22
 10316 | Bailey   | Identified the +6 chain mail "Recef" {Str+7}
 10496 | Bailey   | Reached skill level 9 in Unarmed Combat
 10811 | D:8      | Found a radiant altar of Vehumet.
 10948 | D:8      | Reached skill level 5 in Conjurations
 10948 | D:8      | Reached skill level 5 in Hexes
 10948 | D:8      | Reached skill level 5 in Summonings
 10948 | D:8      | Reached skill level 5 in Necromancy
 10948 | D:8      | Reached skill level 5 in Translocations
 10948 | D:8      | Reached skill level 5 in Fire Magic
 10948 | D:8      | Reached skill level 5 in Ice Magic
 10948 | D:8      | Reached skill level 5 in Air Magic
 10948 | D:8      | Reached skill level 5 in Earth Magic
 10948 | D:8      | Reached skill level 5 in Poison Magic
 11051 | D:8      | Noticed Gastronok
 11068 | D:8      | Killed Gastronok
 11414 | D:8      | Found a shimmering blue altar of Sif Muna.
 11598 | D:8      | Noticed Erica
 11615 | D:8      | Killed Erica
 11669 | D:8      | Noticed a manticore
 11669 | D:8      | Noticed a boulder beetle
 11768 | D:8      | Noticed Prince Ribbit
 11774 | D:8      | Killed Prince Ribbit
 11967 | D:8      | Killed a manticore
 12065 | D:8      | Noticed a manticore
 12076 | D:8      | Killed a manticore
 13009 | D:9      | Noticed Maggie
 13019 | D:9      | Killed Maggie
 13101 | D:9      | Paralysed by a hornet for 2 turns
 13204 | D:9      | Noticed a boulder beetle
 13220 | D:9      | Killed a boulder beetle
 13221 | D:9      | Reached XP level 12. HP: 67/81 MP: 24/24
 13377 | D:9      | Found an opulent altar of Gozag.
 13378 | D:9      | Reached *** piety under Hepliaklqana
 13677 | D:9      | Learned a level 3 spell: Call Canine Familiar
 13686 | D:9      | Identified the +0 long sword of the Heavens {vorpal, Fly
                  | rN+ Str+4 Int+2}
 13737 | D:9      | Noticed a two-headed ogre
 13749 | D:9      | Killed a two-headed ogre
 14229 | D:9      | Noticed Joseph
 14249 | D:9      | Killed Joseph
 14548 | D:9      | Learned a level 3 spell: Inner Flame
 14557 | D:9      | Found a staircase to the Orcish Mines.
 14867 | D:10     | Entered Level 10 of the Dungeon
 15917 | D:9      | Reached skill level 10 in Unarmed Combat
 15932 | D:10     | Found an ornate altar of the Wu Jian Council.
 17023 | D:11     | Found Mukh's Antique Weapon Shoppe.
 17031 | D:11     | Paralysed by a hornet for 3 turns
 17241 | D:11     | Reached **** piety under Hepliaklqana
 17277 | D:11     | Found Vautres's Antique Weapon Boutique.
 17304 | D:11     | Found Susex's Magic Scroll Shoppe.
 17707 | D:11     | Found Putatz Gija's Armour Shoppe.
 17742 | D:11     | Found Huubiergh's Assorted Antiques.
 17936 | D:11     | Found a staircase to the Lair.
 18420 | Lair:1   | Entered Level 1 of the Lair of Beasts
 18827 | D:12     | Noticed a stone giant
 19170 | D:12     | Killed a stone giant
 19529 | D:12     | Reached XP level 13. HP: 84/88 MP: 23/26
 21588 | Orc:1    | Entered Level 1 of the Orcish Mines
 21985 | Orc:2    | Entered Level 2 of the Orcish Mines
 22546 | Orc:2    | Noticed an orc warlord
 23392 | Orc:1    | HP: 2/90 [orc warlord/+2 battleaxe (3)]
 23393 | Orc:1    | Slain by an orc warlord

Illustrated notes

Levels and vault maps discovered:
D:1:      grunt_arrival_lava_bath, layout_basic,
          shapermc_ecumenical_altar_mp_vishouse
D:2:      layout_basic, minmay_tree_intersection, chequers_big_river,
          uniq_sigmund
D:3:      layout_loops_ring, mainiacjoe_overflow_boulevard
D:4:      layout_loops_ring, fedhas_altar_decomposition, minmay_mini_ossuary
D:5:      layout_loops_ring, nicolae_ru_sacrificial_ziggurat,
          general_overflow_altar, minmay_temple_entry_hall,
          kennysheep_crisscross, minmay_hollow_rounded_squares
D:6:      layout_basic, mainiacjoe_overflow_24_doors, pf_guarded_unrand_delatra,
          uniq_eustachio, uniq_edmund, uniq_crazy_yiuf_cottage, uniq_pikel
D:7:      layout_basic, gammafunk_ghost_cemetery
D:8:      nzn_winding_woodlands_cross [nzn_winding_woodlands_5x15_lazy_stream,
          nzn_winding_woodlands_5x15_crooked,
          nzn_winding_woodlands_5x15_river_crossing,
          nzn_winding_woodlands_5x15_sawtooth,
          nzn_winding_woodlands_15x15_killbox], layout_basic, marbit_many_paths,
          ashenzari_conservatory_becter, vehumet_statue, enter_bailey_3,
          amcnicky_mini_rare_corridor_liquid, dreamdust_princess_bridge,
          minivault_27, chequers_serial_rivers_micro_e, corner_web_ring,
          hangedman_decor_growths, uniq_prince_ribbit1, uniq_gastronok,
          uniq_erica
D:9:      layout_grid_maze, grunt_gozag_statues, david_orc_1_choice,
          minmay_strange_pillars, uniq_joseph, uniq_maggie
D:10:     cheibrodos_iron_armory, layout_loops_ring,
          nicolae_wu_jian_wuxing_cycle
D:11:     layout_cave_pods, lair_entry_dummy, serial_shops,
          nicolae_shop_behind_doors, shop, shop, nicolae_shop_advertising_works
          [nicolae_subvault_shop_adworks], shop
D:12:     kennysheep_scales, layout_loops_cross
D:13:     minmay_textured_paths, layout_loops_ring, serial_shops,
          nicolae_shop_hallway_stairs
Lair:1:   layout_hall_layers, uniq_amaemon
Orc:1:    layout_diamond_mine, minmay_orc_temple_b
Orc:2:    st_orc_rangers, layout_caves

Skill      XL: |  1  2  3  4  5  6  7  8  9 10 11 12 13 |
---------------+----------------------------------------+-----
Spellcasting   | 5 6 7 8 9 |  9.9
Invocations    | 1 2 3 4 5 6 7 8 9 |  9.3
Fighting       | 3 4 5 6 7 8 9 |  9.0
Short Blades   | 1 2 3 4 5 6 7 8 |  8.5
Long Blades    | 1 2 3 4 5 6 7 8 |  8.5
Axes           | 1 2 3 4 5 6 7 8 |  8.5
Maces & Flails | 1 2 3 4 5 6 7 8 |  8.5
Polearms       | 1 2 3 4 5 6 7 8 |  8.5
Staves         | 1 2 3 4 5 6 7 8 |  8.5
Slings         | 1 2 3 4 5 6 7 8 |  8.5
Bows           | 1 2 3 4 5 6 7 8 |  8.5
Crossbows      | 1 2 3 4 5 6 7 8 |  8.5
Throwing       | 1 2 3 4 5 6 7 8 |  8.5
Armour         | 1 2 3 4 5 6 7 8 |  8.5
Stealth        | 1 2 3 4 5 6 7 8 |  8.5
Shields        | 1 2 3 4 5 6 7 8 |  8.5
Conjurations   | 1 2 3 4 5 6 7 |  7.1
Hexes          | 1 2 3 4 5 6 7 |  7.1
Summonings     | 1 2 3 4 5 6 7 |  7.1
Necromancy     | 1 2 3 4 5 6 7 |  7.1
Translocations | 1 2 3 4 5 6 7 |  7.1
Transmutations | 4 5 6 7 8 |  8.1
Fire Magic     | 1 2 3 4 5 6 7 |  7.1
Ice Magic      | 1 2 3 4 5 6 7 |  7.1
Air Magic      | 1 2 3 4 5 6 7 |  7.1
Earth Magic    | 1 2 3 4 5 6 7 |  7.1
Poison Magic   | 1 2 3 4 5 6 7 |  7.1
Evocations     | 1 2 3 4 5 6 7 8 |  8.5
Dodging        | 5 6 7 8 9 |  9.7
Unarmed Combat | 7 8 9 10 | 10.7

Action                   |  1- 3 |  4- 6 |  7- 9 | 10-12 | 13-15 || total
-------------------------+-------+-------+-------+-------+-------++-------
Melee: Unarmed           |    26 |       |       |       |       ||    26
       Kick              |    14 |    22 |    78 |   108 |       ||   222
       Headbutt          |    10 |     7 |    41 |    70 |       ||   128
       Dagger            |    74 |   113 |   241 |   203 |   136 ||   767
       Bite              |     7 |     9 |    35 |    83 |    52 ||   186
       Punch             |     1 |     4 |    12 |    15 |       ||    32
       Quarterstaff      |       |       |    43 |   210 |       ||   253
       Long sword        |       |       |       |   204 |   127 ||   331
Throw: Boomerang         |       |       |    10 |    14 |       ||    24
 Cast: Beastly Appendage |    16 |    12 |    26 |    42 |       ||    96
       Wereblood         |     1 |     4 |     6 |    34 |     1 ||    46
       Call Canine Famil |       |       |       |     7 |    18 ||    25
       Call Imp          |       |       |       |     3 |     7 ||    10
       Mephitic Cloud    |       |       |       |       |     8 ||     8
       Inner Flame       |       |       |       |       |     2 ||     2
Invok: Recall Ancestor   |       |       |     3 |     1 |     3 ||     7
       Ancestor Life: Kn |       |       |       |     1 |       ||     1
Evoke: Condenser vane    |       |       |     1 |     1 |       ||     2
       Wand              |       |       |       |     4 |       ||     4
  Use: Scroll            |       |     9 |     5 |    13 |       ||    27
       Potion            |       |     1 |       |     5 |     2 ||     8
 Stab: Sleeping          |     3 |     3 |     1 |     3 |       ||    10
       Distracted        |       |       |       |    10 |     4 ||    14
       Confused          |       |       |       |       |     3 ||     3
Armor: Robe              |     9 |       |       |       |       ||     9
       Leather armour    |     2 |     6 |       |       |       ||     8
       Ring mail         |       |    28 |   109 |   224 |       ||   361
       Chain mail        |       |       |       |    29 |   116 ||   145
Dodge: Dodged            |    46 |    64 |   149 |   503 |   200 ||   962
Block: Other             |     7 |    25 |    61 |   144 |       ||   237
       Reflection        |     2 |       |     2 |     8 |    21 ||    33
       Buckler           |       |       |       |   101 |   192 ||   293

Table legend: (Time is in decaauts)
 A = Elapsed time spent in this place.
 B = Non-inter-level travel time spent in this place.
 C = Inter-level travel time spent in this place.
 D = Time resting spent in this place.
 E = Time spent auto-exploring this place.
 F = Levels seen in this place.
 G = Mean time per level.
                   A        B        C        D        E       F      G
               +--------+--------+--------+--------+--------+-----+--------+
         Total |  23342 |  22364 |    978 |   4457 |  11545 |  17 | 1373.1 |
       Dungeon |  21204 |  20228 |    976 |   3607 |  11054 |  13 | 1631.1 |
          Lair |      1 |      1 |      0 |      0 |      0 |   1 |    1.0 |
  Orcish Mines |   1399 |   1399 |      0 |    836 |    132 |   2 |  699.5 |
        Bailey |    737 |    737 |      0 |     14 |    359 |   1 |  737.0 |
               +--------+--------+--------+--------+--------+-----+--------+

Top non-repeatable levels by time:
     D:9: 2976 daAuts
     D:5: 2396 daAuts
     D:8: 2343 daAuts
     D:2: 1686 daAuts
    D:11: 1675 daAuts
     D:4: 1585 daAuts
    D:10: 1556 daAuts
    D:12: 1391 daAuts
   Orc:1: 1285 daAuts
     D:1: 1212 daAuts
     D:6: 1198 daAuts
     D:7: 1143 daAuts
    D:13: 1094 daAuts
     D:3: 943 daAuts
  Bailey: 737 daAuts
